 Dungeon Crawl Stone Soup version 0.20-a0-1086-g4bd2f5b (webtiles) character file.

184 Monsterracer the Slasher (level 5, -5/41 HPs)
             Began as a Formicid Fighter on May 1, 2017.
             Killed by divine providence
             ... invoked by an orc priest
              (12 damage)
             ... on level 3 of the Dungeon.
             The game lasted 00:09:21 (2412 turns).

Monsterracer the Slasher (Formicid Fighter)         Turns: 2412, Time: 00:09:22

Health: -5/41      AC: 10    Str: 21    XL:     5   Next: 95%
Magic:  5/5        EV:  7    Int:  7    God:
Gold:   173        SH:  9    Dex: 11    Spells: 4/4 levels left

rFire    . . .     SeeInvis +   a - +0 long sword
rCold    . . .     Gourm    .   c - +0 shield
rNeg     . . .     Faith    .   b - +0 scale mail
rPois    +         Spirit   .   (helmet unavailable)
rElec    .         Reflect  .   g - +0 cloak (curse)
rCorr    .         Harm     .   d - +0 pair of gloves
MR       .....                  u - +0 pair of boots (curse)
Stlth    ..........             (no amulet)
Regen    0.2/turn               n - ring of poison resistance
MPRegen  0.1/turn               (no ring)

@: no status effects
A: permanent stasis, dig shafts and tunnels, four strong arms, antennae 3
a: Dig, Shaft Self


You were on level 3 of the Dungeon.
You were very hungry.

You visited 1 branch of the dungeon, and saw 3 of its levels.

You collected 173 gold pieces.

Inventory:

Hand Weapons
 a - a +0 long sword (weapon)
 r - a +0 hunting sling of velocity
Missiles
 t - 61 stones (quivered)
Armour
 b - a +0 scale mail (worn)
 c - a +0 shield (worn)
 d - a +0 pair of gloves (worn)
 g - a cursed +0 cloak (worn)
 q - a +0 cloak
 u - a cursed +0 pair of boots (worn)
Jewellery
 n - a ring of poison resistance (left hand)
Wands
 m - a wand of lightning (7/15)
 p - a wand of confusion (23/48)
Scrolls
 e - 5 scrolls of identify
 i - 3 scrolls of enchant armour {unknown}
 j - a scroll of enchant weapon {unknown}
 k - 4 scrolls of recharging {unknown}
 o - a scroll of blinking {unknown}
 s - 3 scrolls of immolation {unknown}
Comestibles
 f - a bread ration
 h - a meat ration
 l - 2 royal jellies


   Skills:
 - Level 3.2 Fighting
 + Level 5.7 Long Blades
 - Level 3.2 Armour
 - Level 3.6 Shields


You had 4 spell levels left.
You didn't know any spells.

Dungeon Overview and Level Annotations

Branches:
Dungeon (3/15)

Altars:
Dithmenos
Sif Muna


Innate Abilities, Weirdness & Mutations

You cannot be hasted, slowed, berserked, paralysed or teleported.
You can dig through walls and to a lower floor.
Your four strong arms can wield two-handed weapons with a shield.
You have a pair of large antennae on your head. (SInv)


Message History

The orc hits you with a whip.
You hit the orc priest but do no damage.
The orc priest is moderately wounded.
The orc priest invokes the aid of Beogh against you.
Pain shoots through your body! You block the orc priest's attack.
You block the orc's attack.
You slash the orc priest!
The orc priest is severely wounded.
You block the orc priest's attack.
The orc priest hits you with a short sword.
* * * LOW HITPOINT WARNING * * *
The orc hits you with a whip.
* * * LOW HITPOINT WARNING * * *
You closely miss the orc priest.
The orc priest is severely wounded.
You block the orc priest's attack. x2; The orc hits you with a whip.
* * * LOW HITPOINT WARNING * * *
The orc priest invokes the aid of Beogh against you.
Beogh smites you!
You die...

#)# #.........##... #.#
#.........##... #.#
#.........##...
#.###.........#....
#.............#....
#.........##'##....
#......##.##.##....
#......##.##..#....
#####o@o...##.###.#....
#....o#'#####.# #.#....
#.....#.# #.# #.#....
{#.....#.# #.# #.###..
#.....#.#####.# #..##..
#.....#.#...#.# ##.##..
#.....#.#..##.# #..#..
#.....#.#..##.# ##.##.
#####.#.......#####.##.


You could see 2 orc priests and an orc.

Vanquished Creatures
  An orc wizard (D:3)
  Robin (D:3)
  A gnoll (D:1)
  4 adders
  2 oozes
  4 worms
  A dart slug (D:1)
  2 leopard geckos
  6 orcs (D:3)
  3 ball pythons
  2 giant cockroaches
  12 goblins
  10 hobgoblins
  3 jackals (D:3)
  6 bats
  3 frilled lizards (D:1)
  5 kobolds
  4 rats
70 creatures vanquished.

Notes
Turn   | Place    | Note
-------+----------+-------------------------------------------
     0 | D:1      | Monsterracer the Formicid Fighter began the quest for the Orb.
     0 | D:1      | Reached XP level 1. HP: 18/18 MP: 1/1
    18 | D:1      | Reached XP level 2. HP: 16/24 MP: 2/2
    89 | D:1      | Reached skill level 3 in Long Blades
   280 | D:1      | Reached XP level 3. HP: 29/29 MP: 3/3
   892 | D:2      | Found a deep blue altar of Sif Muna.
   901 | D:2      | Reached skill level 4 in Long Blades
   901 | D:2      | Reached XP level 4. HP: 33/35 MP: 4/4
  1219 | D:2      | Found a shadowy altar of Dithmenos.
  1614 | D:3      | Reached XP level 5. HP: 35/41 MP: 5/5
  1891 | D:3      | Noticed Robin
  1897 | D:3      | Reached skill level 5 in Long Blades
  1937 | D:3      | Killed Robin
  2412 | D:3      | Killed from afar by an orc priest

Vault maps used:
D:1:      co_arrival_hall_of_pillars, minmay_misc_feat_encased,
          dk_noncrumbling_2, kennysheep_doodads
D:2:      lemuel_round_altar, grunt_dithmenos_smoke
D:3:      chequers_ecumenical_altar_grove, uniq_grinder, uniq_robin

Skill      XL: |  1  2  3  4  5 |
---------------+----------------+-----
Long Blades    | 3 4 5 |  5.7
Fighting       | |  3.2
Armour         | |  3.2
Shields        | |  3.6

Action                   |  1- 3 |  4- 6 || total
-------------------------+-------+-------++-------
Melee: Long sword        |   100 |   140 ||   240
Throw: Stone             |       |     6 ||     6
  Use: Potion            |     4 |     3 ||     7
       Scroll            |       |     1 ||     1
  Eat: Chunk             |       |     4 ||     4
Armor: Scale mail        |    41 |    58 ||    99
Dodge: Dodged            |    21 |    47 ||    68
Block: Shield            |    50 |    80 ||   130
       Rpst.: Long sword |     6 |    12 ||    18
